 Dungeon Crawl Stone Soup version 0.26-a0-683-g5206c1d7ac (webtiles) character file.

Game seed: 602978154372643064

84 marklar909 the Digger (level 4, -1/31 HPs)
             Began as a Formicid Earth Elementalist on Oct 23, 2020.
             Slain by an adder (2 damage)
             ... on level 3 of the Dungeon.
             The game lasted 00:03:52 (2918 turns).

marklar909 the Digger (Formicid Earth Elementalist) Turns: 2918, Time: 00:03:52

Health: -1/31      AC:  4    Str: 12    XL:     4   Next: 74%
Magic:  8/8        EV: 12    Int: 16    God:
Gold:   55         SH:  0    Dex:  9    Spells: 4/8 levels left

rFire    . . .     SeeInvis +   b - +0 mace
rCold    . . .     Faith    .   (no shield)
rNeg     . . .     Spirit   .   c - +0 robe
rPois    .         Reflect  .   (helmet unavailable)
rElec    .         Harm     .   (no cloak)
rCorr    .         Rampage  .   (no gloves)
MR       .....                  (no boots)
Stlth    ++........             a - amulet of the acrobat
HPRegen  0.10/turn              (no ring)
MPRegen  0.11/turn              (no ring)

@: brilliant
A: permanent stasis, dig shafts and tunnels, four strong arms, antennae 3, icy
blue scales 1, clumsy 1
a: Dig, Shaft Self


You were on level 3 of the Dungeon.
You visited 1 branch of the dungeon, and saw 3 of its levels.

You collected 55 gold pieces.

Inventory:

Hand Weapons
 b - a +0 mace (weapon)
Missiles
 h - 19 poisoned darts (quivered)
 l - 113 stones
Armour
 c - a +0 robe (worn)
 j - a +0 kite shield
Jewellery
 a - an amulet of the acrobat (around neck)
Scrolls
 d - 4 scrolls of identify {unknown}
 e - a scroll of magic mapping {unknown}
 f - a scroll of enchant armour {unknown}
 g - a scroll of blinking {unknown}
 k - a scroll of fog {unknown}
 n - 2 scrolls of amnesia {unknown}
 p - a scroll of teleportation {unknown}


   Skills:
 + Level 0.3 Fighting
 + Level 0.3 Maces & Flails
 + Level 0.1 Throwing
 + Level 2.1 Dodging
 + Level 2.9 Stealth
 * Level 1.1 Shields
 + Level 2.7 Spellcasting
 * Level 0.5 Conjurations
   Level 1.1 Transmutations
 * Level 4.8 Earth Magic


You had 4 spell levels left.
You knew the following spells:

 Your Spells              Type           Power        Failure   Level
a - Sandblast             Erth           ####..       2%          1
b - Stone Arrow           Conj/Erth      ###...       19%         3

Your spell library contained the following spells:

 Spells                   Type           Power        Failure   Level
 Passwall                 Tmut/Erth      ###.....     9%          2
 Petrify                  Tmut/Erth      ###.....     50%         4
 Lee's Rapid Deconstruct  Erth           ####......   58%         5


Dungeon Overview and Level Annotations

Branches:
Dungeon (3/15)

Altars:


Innate Abilities, Weirdness & Mutations

You cannot be hasted, slowed, berserked, paralysed or teleported.
You can dig through walls and to a lower floor.
Your four strong arms can wield two-handed weapons with a shield.
You have a pair of large antennae on your head. (SInv)
You are partially covered in icy blue scales. (AC +2)
You are clumsy. (Dex -2)


Message History

Aim: an adder (lightly wounded)
You throw a poisoned dart. The poisoned dart misses the adder.
The adder bites you.
* * * LOW HITPOINT WARNING * * *
Unknown command.
You hit the adder.
The adder is moderately wounded.
The adder completely misses you. The adder bites you but does no damage.
You barely miss the adder.
The adder is moderately wounded.
The adder bites you.
* * * LOW HITPOINT WARNING * * *
Unknown command.
You hit the adder but do no damage.
The adder is moderately wounded.
The adder barely misses you. The adder misses you.
You hit the adder but do no damage.
The adder is moderately wounded.
The adder bites you.
You die...

##...#..#..#..##.#
(.. #.#...###...###.#
... #.##..##...## #.#
#.< #.#...#.....###.#
#.. #...#.....#.....#
#.. #..###...###.####
#(. #...#..#..#..#
#.(##.#...###...#####
#(.S@................
#.###.#.#############
#.........#
.....####### ###.


You could see an adder.

Vanquished Creatures
  An adder (D:2)
  2 oozes (D:2)
  2 dart slugs (D:1)
  5 leopard geckos
  5 bats
  2 giant cockroaches (D:1)
  9 goblins
  4 hobgoblins
  7 jackals
  A quokka (D:2)
  5 frilled lizards
  6 kobolds
  4 rats
53 creatures vanquished.

Vanquished Creatures (others)
  A quokka (D:2)
1 creature vanquished.

Grand Total: 54 creatures vanquished

Notes
Turn   | Place    | Note
-------+----------+-------------------------------------------
     0 | D:1      | marklar909 the Formicid Earth Elementalist began the quest
                  | for the Orb.
     0 | D:1      | Reached XP level 1. HP: 13/13 MP: 3/3
   176 | D:1      | Reached skill level 4 in Earth Magic
   176 | D:1      | Reached XP level 2. HP: 19/19 MP: 1/5
   471 | D:1      | Reached XP level 3. HP: 16/24 MP: 0/6
   912 | D:1      | Learned a level 3 spell: Stone Arrow
  1625 | D:2      | Reached XP level 4. HP: 29/30 MP: 8/8
  2605 | D:2      | Reached skill level 1 in Shields
  2911 | D:3      | Gained mutation: You are clumsy. (Dex -2) [potion of
                  | mutation]
  2911 | D:3      | Gained mutation: You are partially covered in icy blue
                  | scales. (AC +2) [potion of mutation]
  2912 | D:3      | HP: 1/31 [adder (1)]
  2918 | D:3      | Slain by an adder

Illustrated notes

Levels and vault maps discovered:
D:1:      dpeg_arrival_rhombus, layout_basic
D:2:      layout_loops_ring, lemuel_flame_loot_1
D:3:      layout_basic, led_sif_pool, serial_glass, glass_columns_b,
          glass_columns_a, minmay_strange_pillars, minmay_strange_pillars,
          minmay_strange_pillars, gup_sewer_entry_glass,
          minmay_misc_feat_enclosed, hangedman_abyss_or_decor_lesser_grid

Skill      XL: |  1  2  3  4 |
---------------+-------------+-----
Earth Magic    | 4 |  4.8
Dodging        | 2 |  2.1
Shields        | 1 |  1.1
Fighting       | |  0.3
Maces & Flails | |  0.3
Throwing       | |  0.1
Stealth        | |  2.9
Spellcasting   | |  2.7
Conjurations   | |  0.5
Transmutations | |  1.1

Action                   |  1- 3 |  4- 6 || total
-------------------------+-------+-------++-------
Melee: Unarmed           |     5 |       ||     5
       Mace              |    42 |    51 ||    93
Throw: Dart              |     8 |    67 ||    75
 Cast: Sandblast         |    33 |       ||    33
       Stone Arrow       |     3 |       ||     3
  Use: Potion            |       |     3 ||     3
Armor: Robe              |    12 |    12 ||    24
Dodge: Dodged            |   103 |    76 ||   179

Table legend: (Time is in decaauts)
 A = Elapsed time spent in this place.
 B = Non-inter-level travel time spent in this place.
 C = Inter-level travel time spent in this place.
 D = Time resting spent in this place.
 E = Time spent auto-exploring this place.
 F = Levels seen in this place.
 G = Mean time per level.
                   A        B        C        D        E       F      G
               +--------+--------+--------+--------+--------+-----+--------+
         Total |   2952 |   2850 |    102 |    203 |   2039 |   3 |  984.0 |
       Dungeon |   2952 |   2850 |    102 |    203 |   2039 |   3 |  984.0 |
               +--------+--------+--------+--------+--------+-----+--------+

Top non-repeatable levels by time:
     D:1: 1578 daAuts
     D:2: 1307 daAuts
     D:3: 67 daAuts
